 Dungeon Crawl Stone Soup version 0.30-a0-141-g30f27751c5 (webtiles) character file.

Game seed: 7449394240631092039

159 qw the Chopper (level 5, 0/32 HPs)
             Began as a Gargoyle Fighter on Sept 25, 2022.
             Slain by a howler monkey (3 damage)
             ... on level 4 of the Dungeon.
             The game lasted 00:01:02 (2280 turns).

qw the Chopper (Gargoyle Fighter)                   Turns: 2280, Time: 00:01:02

Health: 0/32       AC: 14    Str: 21    XL:     5   Next: 40%
Magic:  5/5        EV:  7    Int:  9    God:
Gold:   92         SH:  4    Dex:  9    Spells: 4/4 levels left

rFire   . . .      SeeInvis .    Y - +0 war axe (protect)
rCold   . . .      Faith    .    c - +0 buckler
rNeg    + . .      Spirit   .    i - +0 chain mail
rPois   inf        Reflect  .    (no helmet)
rElec   +          Harm     .    g - +0 cloak
rCorr   .          Rampage  .    (no gloves)
Will    .....                    (no boots)
Stlth   ..........               (no amulet)
HPRegen 0.10/turn                (no ring)
MPRegen 0.09/turn                (no ring)

@: no status effects
A: sickness immunity, AC +4, negative energy resistance 1, electricity
resistance, torment resistance 1, petrification resistance
a: no special abilities


You were on level 4 of the Dungeon.
You visited 1 branch of the dungeon, and saw 4 of its levels.

You collected 111 gold pieces.
You spent 19 gold pieces at shops.


Innate Abilities, Weirdness & Mutations

You are immune to sickness and miasma.
Your stone body is resilient. (AC +4)
You are immune to poison.
You resist negative energy. (rN+)
You are resistant to electric shocks. (rElec)
You are resistant to unholy torment.
You are immune to petrification.


   Skills:
 + Level 3.2 Fighting
 - Level 5.0 Axes
 - Level 3.2 Armour
 - Level 3.2 Shields


You had 4 spell levels left.
You didn't know any spells.
Your spell library was empty.

Inventory:

Hand Weapons
 m - a +0 flail
 Y - a +0 war axe of protection (weapon)
Armour
 c - a +0 buckler (worn)
 g - a +0 cloak (worn)
 i - a +0 chain mail (worn)
Scrolls
 l - a scroll of identify
Potions
 a - a potion of mutation
 b - a potion of lignification
 d - a potion of might
 e - 2 potions of curing
 f - a potion of magic {unknown}
 h - a potion of brilliance {unknown}
 j - a potion of berserk rage {unknown}
 k - a potion of attraction {unknown}

Dungeon Overview and Level Annotations

Branches:
Dungeon (4/15)
 Temple: D:4-7

Altars:
Yredelemnul

Shops:
D:2 *


Message History

The phantom is almost destroyed.
You hit the scorpion but do no damage. You block the scorpion's attack.
You block the phantom's attack. The scorpion stings you.
You barely miss the phantom.
The phantom is almost destroyed.
You hit the scorpion but do no damage. The phantom hits you.
The phantom blinks!
You blink.
The phantom hits you.
You slash the phantom!
You destroy the phantom!
Your Axes skill increases to level 5!
You have reached level 5!
You slash the scorpion!
The scorpion is moderately wounded.
The scorpion closely misses you.
You hit the scorpion.
The scorpion is severely wounded.
The scorpion completely misses you.
The scorpion stings you but does no damage.
The howler monkey barely misses you.
You hit the scorpion but do no damage.
The scorpion is severely wounded.
You hit the howler monkey.
The scorpion stings you but does no damage.
The howler monkey hits you but does no damage.
The scorpion stings you but does no damage.
You closely miss the scorpion.
The scorpion is severely wounded.
You closely miss the howler monkey. The howler monkey hits you.
You block the scorpion's attack.
The howler monkey hits you but does no damage.
You barely miss the scorpion.
The scorpion is severely wounded.
You closely miss the howler monkey. The scorpion barely misses you.
You block the howler monkey's attack.
The scorpion stings you but does no damage.
You barely miss the scorpion.
The scorpion is severely wounded.
You closely miss the howler monkey. The howler monkey hits you.
You die...

########
##h.....#
##os@..#
##.g###.# ##..##
# ###...#h .##.
.......##.....
.###
#..##.........
.....##.# .#...#
#....# ##....:..o
#
####g###.........


You could see a scorpion, a howler monkey, an orc and a goblin.

Vanquished Creatures
  A phantom (D:4)
  3 dart slugs
  A worm (D:2)
  7 endoplasms
  2 giant cockroaches
  7 goblins
  16 hobgoblins
  4 jackals (D:2)
  3 kobolds
  6 quokkas
  6 ball pythons
  4 bats
  5 frilled lizards
  2 rats (D:1)
67 creatures vanquished.

Notes
Turn   | Place    | Note
-------+----------+-------------------------------------------
     0 | D:1      | qw the Gargoyle Fighter began the quest for the Orb.
     0 | D:1      | Reached XP level 1. HP: 14/14 MP: 1/1
     0 | D:1      | 0 ||| qw: Version: 0.2-a-10-g399e6c4
     0 | D:1      | 0 ||| qw: Game counter: 353
     0 | D:1      | 0 ||| qw: Always use a shield: true
     0 | D:1      | 0 ||| qw: God list: Okawaru
     0 | D:1      | 0 ||| qw: Allow faded altars: false
     0 | D:1      | 0 ||| qw: Do Orc after D:15 true
     0 | D:1      | 0 ||| qw: Do second Lair branch before Depths: true
     0 | D:1      | 0 ||| qw: Lair rune preference: random
     0 | D:1      | 0 ||| qw: Plans: Normal, Zot:1-4, God:TSO, Crypt, Tomb,
                  | Pan, Slime:5, Hells, Abyss, Orb
     0 | D:1      | 0 ||| PLANNING D:1-11
    40 | D:1      | Reached skill level 2 in Axes
    68 | D:1      | 68 ||| Stepping ~*~*~tactically~*~*~ (stealth).
    79 | D:1      | Reached XP level 2. HP: 16/19 MP: 2/2
   181 | D:1      | 181 ||| Stepping ~*~*~tactically~*~*~ (hiding).
   372 | D:1      | Reached skill level 3 in Axes
   495 | D:1      | Reached XP level 3. HP: 21/23 MP: 3/3
   521 | D:1      | 521 ||| Stepping ~*~*~tactically~*~*~ (stealth).
   524 | D:1      | 524 ||| Stepping ~*~*~tactically~*~*~ (stealth).
   528 | D:1      | 528 ||| Stepping ~*~*~tactically~*~*~ (stealth).
   529 | D:1      | 529 ||| Stepping ~*~*~tactically~*~*~ (stealth).
   530 | D:1      | 530 ||| Stepping ~*~*~tactically~*~*~ (stealth).
   543 | D:1      | 543 ||| Stepping ~*~*~tactically~*~*~ (stealth).
   612 | D:1      | 612 ||| Stepping ~*~*~tactically~*~*~ (stealth).
   678 | D:1      | 678 ||| Stepping ~*~*~tactically~*~*~ (hiding).
   886 | D:1      | Found a faded altar of an unknown god.
   912 | D:1      | 912 ||| READING scroll labelled DITETA XYOMO.
   913 | D:1      | 913 ||| READING scroll labelled KEOSHI WOUJY.
   914 | D:1      | 914 ||| READING scroll labelled AXEMUGGUNI.
   952 | D:2      | 952 ||| FLEEEEING.
   953 | D:2      | 953 ||| FLEEEEING.
   954 | D:2      | 954 ||| STAIRDANCE
  1123 | D:2      | 1123 ||| Stepping ~*~*~tactically~*~*~ (stealth).
  1126 | D:2      | 1126 ||| Stepping ~*~*~tactically~*~*~ (stealth).
  1129 | D:2      | 1129 ||| Stepping ~*~*~tactically~*~*~ (stealth).
  1132 | D:2      | 1132 ||| Stepping ~*~*~tactically~*~*~ (stealth).
  1146 | D:2      | Reached XP level 4. HP: 25/28 MP: 4/4
  1178 | D:2      | Found Yjuih's Assorted Antiques.
  1192 | D:2      | 1192 ||| BUYING fuming green potion (19 gold).
  1192 | D:2      | Bought a fuming green potion for 19 gold pieces
  1192 | D:2      | 1192 ||| SHOPLISTING grey potion (19 gold, have 18).
  1192 | D:2      | 1192 ||| SHOPLISTING scroll labelled BUEQOWNYTROIG (22
                  | gold, have 18).
  1192 | D:2      | 1192 ||| SHOPLISTING scroll of identify (44 gold, have 18).
  1244 | D:2      | 1244 ||| DROPPING +0 club.
  1330 | D:2      | 1330 ||| Stepping ~*~*~tactically~*~*~ (stealth).
  1522 | D:2      | Found a basalt altar of Yredelemnul.
  1594 | D:2      | Reached skill level 4 in Axes
  1599 | D:2      | 1599 ||| DROPPING +0 whip.
  1683 | D:2      | 1683 ||| UPGRADING to +0 chain mail.
  1693 | D:2      | 1693 ||| DROPPING +0 scale mail.
  1694 | D:2      | 1694 ||| READING scroll labelled SEDGHU JOARR.
  1695 | D:2      | 1695 ||| READING scroll labelled PEWIOH ELAEMIRIF.
  1698 | D:2      | 1698 ||| DRINKING 3 cyan potions.
  1699 | D:2      | 1699 ||| READING 2 scrolls of identify.
  1699 | D:2      | 1699 ||| IDENTIFYING murky blue potion
  1740 | D:3      | 1740 ||| Stepping ~*~*~tactically~*~*~ (stealth).
  2006 | D:3      | 2006 ||| Stepping ~*~*~tactically~*~*~ (hiding).
  2205 | D:3      | 2205 ||| UPGRADING to +0 cloak.
  2210 | D:3      | 2210 ||| READING scroll labelled QAVEKL IGRUTETS.
  2211 | D:3      | 2211 ||| READING scroll labelled UVVAYD UG ZAQUSOT.
  2212 | D:3      | 2212 ||| READING scroll labelled NONGUNG QOTAM.
  2213 | D:3      | 2213 ||| READING scroll labelled IPEDDO GIUXITE.
  2214 | D:3      | 2214 ||| READING 2 scrolls of identify.
  2214 | D:3      | 2214 ||| IDENTIFYING fuming coppery potion
  2260 | D:4      | Noticed a phantom
  2264 | D:4      | Noticed a scorpion
  2272 | D:4      | HP: 5/28 [phantom (3)]
  2272 | D:4      | HP: 2/28 [phantom (3)]
  2273 | D:4      | Killed a phantom
  2274 | D:4      | Reached skill level 5 in Axes
  2274 | D:4      | Reached XP level 5. HP: 3/32 MP: 5/5
  2278 | D:4      | HP: 2/32 [howler monkey (1)]
  2280 | D:4      | Slain by a howler monkey

Levels and vault maps discovered:
D:1:      shiori_arrival_maze, layout_rooms,
          hellmonk_ecumenical_altar_inner_sanctum
D:2:      layout_loops_ring, serial_shops, nicolae_shop_crystal, basic_altar,
          minmay_tetromino_i4
D:3:      layout_basic
D:4:      layout_loops_ring, lemuel_tele_altar, minmay_temple_entry_junction_2,
          gammafunk_ghost_mausoleum, minmay_bisected

Skill      XL: |  1  2  3  4 |
---------------+-------------+-----
Axes           | 2 3 5 |  5.0
Fighting       | |  3.2
Armour         | |  3.2
Shields        | |  3.2

Action                   |  1- 3 |  4- 6 || total
-------------------------+-------+-------++-------
Melee: War axe           |   119 |    75 ||   194
  Use: Scroll            |     3 |     8 ||    11
       Potion            |       |     1 ||     1
 Stab: Sleeping          |       |     1 ||     1
Armor: Scale mail        |    56 |     9 ||    65
       Chain mail        |       |    31 ||    31
Dodge: Dodged            |    57 |    30 ||    87
Block: Buckler           |    24 |    19 ||    43

Table legend:
 A = Non-vault XP
 B = Vault XP
 C = Vault XP percentage of total XP
 D = Non-vault monster count
 E = Vault monster count
 F = Vault count percentage of total count
                 A         B        C        D         E       F
            +---------+---------+-------+---------+---------+-------
      Total |     217 |      11 |   4.8 |      62 |       5 |   7.5
            +---------+---------+-------+---------+---------+-------
        D:1 |      60 |       3 |   4.8 |      31 |       2 |   6.1
        D:2 |      30 |       6 |  16.7 |      17 |       2 |  10.5
        D:3 |      24 |       0 |   0.0 |      12 |       0 |   0.0
        D:4 |     103 |       2 |   1.9 |       2 |       1 |  33.3
            +---------+---------+-------+---------+---------+-------
